 Dungeon Crawl Stone Soup version 0.32-a0-18-g89e19f1974 (webtiles) character file.

Game seed: 14348315514819934937

44760 jestert79 the Grappler (level 13, -10/108 HPs)
             Began as a Yellow Draconian Warper on Jan 16, 2024.
             Was the Champion of Kikubaaqudgha.
             Mangled by a catoblepas (14 damage)
             ... while petrified by a catoblepas
             ... on level 5 of the Lair of Beasts.
             The game lasted 01:05:46 (20141 turns).

jestert79 the Grappler (Yellow Draconian Warper)   Turns: 20141, Time: 01:05:46

Health: -10/108    AC: 14    Str: 14    XL:     13   Next: 98%
Magic:  20/23      EV:  2    Int: 18    God:    Kikubaaqudgha [******]
Gold:   718        SH:  0    Dex: 11    Spells: 5/26 levels left

rFire   . .          .
                       - Unarmed
rCold   . . .        (no shield)
rNeg    + + +        (body armour unavailable)
rPois   ∞            (helmet restricted)
rElec   .            d - +2 cloak
rCorr   +            y - +2 pair of gloves {hurl}
SInv    +            (no boots)
Will    .....        u - amulet of regeneration
Stlth   +            g - +4 ring of slaying
HPRegen 1.18/turn    t - ring of see invisible
MPRegen 0.18/turn

%: no passive effects
@: maw-form, petrified
A: devouring maw, spit acid, AC +8, unfitting armour, cold-blooded, acid
resistance
a: Breathe Acid, Begin Untransformation, Renounce Religion, Unearth Wretches,
Torment


You were on level 5 of the Lair of Beasts.
You worshipped Kikubaaqudgha.
Kikubaaqudgha was exalted by your worship.
You were a creature with a mouth for a stomach.
You visited 3 branches of the dungeon, and saw 17 of its levels.

You collected 898 gold pieces.
You spent 180 gold pieces at shops.

Inventory:

Missiles
 b - 7 darts of dispersal
 j - 14 poisoned darts
 n - 5 javelins
 w - 3 throwing nets
 D - 10 boomerangs (quivered)
Armour
 d - a +2 cloak (worn)
 y - a +2 pair of gloves of hurling (worn)
Jewellery
 g - a +4 ring of slaying (left hand)
 t - a ring of see invisible (right hand)
 u - an amulet of regeneration (around neck)
Talismans
 q - a maw talisman (active)
Wands
 r - a wand of digging (1)
 s - a wand of flame (19)
 x - a wand of acid (6)
 A - a wand of iceblast (10)
Scrolls
 a - 4 scrolls of blinking
 c - a scroll of revelation
 f - 10 scrolls of teleportation
 h - 2 scrolls of poison
 o - 2 scrolls of amnesia
 v - a scroll of fog
 B - 2 scrolls of fear
 I - 2 scrolls of enchant armour
 J - a scroll of torment
Potions
 e - 2 potions of might
 i - 4 potions of brilliance
 k - 2 potions of heal wounds
 l - 5 potions of curing {unknown}
 m - 3 potions of attraction
 p - 3 potions of mutation
 z - a potion of magic
 C - a potion of enlightenment
 E - a potion of lignification
 F - 3 potions of haste {unknown}
 G - 2 potions of resistance
 H - a potion of ambrosia


   Skills:
 - Level 8.5 Fighting
 - Level 0.8 Throwing
 - Level 6.5 Dodging
 - Level 12.4 Unarmed Combat
 - Level 7.0 Spellcasting
 - Level 12.0 Necromancy
 + Level 6.2 Translocations
 - Level 11.0 Shapeshifting


You had 5 spell levels left.
You knew the following spells:

 Your Spells              Type           Power      Damage    Failure   Level
a - Lesser Beckoning      Tloc           56%        N/A       1%          2
b - Blink                 Tloc           56%        N/A       1%          2
c - Death Channel         Necr           24%        N/A       12%         6
d - Fugue of the Fallen   Necr           49%        N/A       1%          3
e - Martyr's Knell        Necr/Summ      27%        N/A       9%          4
f - Manifold Assault      Tloc           28%        N/A       9%          4

Your spell library contained the following spells:

 Spells                   Type           Power      Damage    Failure   Level
 Kiss of Death            Conj/Necr      100%       2d13      1%          1
 Necrotise                Necr           100%       1d9       1%          1
 Sublimation of Blood     Necr           49%        N/A       1%          2
 Vampiric Draining        Necr           49%        2d9       1%          3
 Animate Dead             Necr           49%        N/A       1%          4
 Dispel Undead            Necr           49%        3d18      1%          4
 Teleport Other           Tloc           28%        N/A       2%          3
 Curse of Agony           Necr           49%        N/A       2%          5
 Volatile Blastmotes      Fire/Tloc      34%        2d12      9%          3
 Magic Dart               Conj           24%        1d4       11%         1
 Slow                     Hex            24%        N/A       11%         1
 Call Imp                 Summ           12%        N/A       16%         2
 Dimensional Bullseye     Hex/Tloc       8%         N/A       30%         4
 Iskenderun's Mystic Bla  Conj/Tloc      17%        2d5       30%         4
 Vhi's Electric Charge    Tloc/Air       34%        N/A       30%         4
 Call Canine Familiar     Summ           6%         N/A       32%         3
 Confusing Touch          Hex            6%         N/A       32%         3
 Hailstorm                Conj/Ice       6%         3d5       32%         3
 Ozocubu's Armour         Ice            6%         N/A       32%         3
 Sigil of Binding         Hex            6%         N/A       32%         3
 Summon Ice Beast         Ice/Summ       6%         N/A       32%         3
 Tukima's Dance           Hex            6%         N/A       32%         3
 Fulminant Prism          Conj/Alch      3%         3d5       71%         4
 Petrify                  Alch/Erth      6%         N/A       71%         4
 Summon Blazeheart Golem  Fire/Summ      6%         N/A       71%         4
 Borgnjor's Revivificati  Necr           24%        N/A       99%         8
 Infestation              Necr           24%        N/A       99%         8
 Conjure Ball Lightning   Conj/Air       3%         3x3d6     100%        6
 Sculpt Simulacrum        Ice/Alch       3%         N/A       100%        6
 Haunt                    Necr/Summ      13%        N/A       100%        7
 Orb of Destruction       Conj           3%         9d5       100%        7
 Spellforged Servitor     Conj/Summ      3%         N/A       100%        7
 Discord                  Hex            3%         N/A       100%        8
 Disjunction              Tloc           14%        N/A       100%        8
 Death's Door             Necr           24%        N/A       100%        9


Dungeon Overview and Level Annotations

Branches:
Dungeon (11/15)            Temple (1/1) D:4            Lair (5/5) D:11
 Shoals (0/4) Lair:3        Snake (0/4) Lair:3        Slime (0/5) Lair:4
    Orc (0/2) D:10

Altars:
Ashenzari
Cheibriados
Dithmenos
Elyvilon
Fedhas
Gozag
Hepliaklqana
Kikubaaqudgha
Makhleb
Nemelex Xobeh
Okawaru
Qazlal
Ru
Sif Muna
Trog
Uskayaw
Vehumet
Wu Jian
Xom
Yredelemnul
Zin
The Shining One

Shops:
D:6 !   D:7 [   D:8 *

Annotations:
D:2 Jessica
D:6 2 transporters


Innate Abilities, Weirdness & Mutations

You are a creature with a mouth for a stomach.
Your midsection houses a second, enormous mouth.
You are immune to poison.
You can spit globs of acid.
Your golden yellow scales are hard. (AC +8)
You cannot fit into any form of body armour.
You are cold-blooded and may be slowed by cold attacks.
You are resistant to acid. (rCorr)


Message History

* * * LOW HITPOINT WARNING * * *
You have turned to stone.
You are engulfed in calcifying dust.
You have got your breath back.
The yak gores you but does no damage.
The catoblepas breathes a plume of calcifying dust at you.
The blast of calcifying dust hits you.
* * * LOW HITPOINT WARNING * * *
A water moccasin comes into view.
You are engulfed in calcifying dust.
The water moccasin hisses angrily.
The fire crab stops moving altogether!
The yak gores you!
* * * LOW HITPOINT WARNING * * *
The catoblepas breathes a plume of calcifying dust at you.
The blast of calcifying dust hits you but does no damage.
You are engulfed in calcifying dust.
The yak gores you!
* * * LOW HITPOINT WARNING * * *
The catoblepas breathes a plume of calcifying dust at you.
The blast of calcifying dust hits you but does no damage.
You are engulfed in calcifying dust.
The yak gores you but does no damage. The catoblepas gores you.
* * * LOW HITPOINT WARNING * * *
You are engulfed in calcifying dust.
The yak gores you!
* * * LOW HITPOINT WARNING * * *
The catoblepas gores you.
* * * LOW HITPOINT WARNING * * *
The yak gores you.
* * * LOW HITPOINT WARNING * * *
The catoblepas breathes a plume of calcifying dust at you.
The blast of calcifying dust hits you but does no damage.
The water moccasin bites you but does no damage.
You are engulfed in calcifying dust.
The yak gores you but does no damage. The catoblepas gores you!
* * * LOW HITPOINT WARNING * * *
The water moccasin bites you but does no damage.
You are engulfed in calcifying dust.
The water moccasin bites you but does no damage.
The yak gores you. The catoblepas gores you!!
You die...
Kikubaaqudgha rasps: "You have failed me!
Welcome... oblivion!"

..............................8
.........................8...
#...###.....................8
#####.#......†..........8....
#...#...............###......
.#P................## .....
...................# .###
...............YY.## #
...............SW.#
...............t.§#
#.###.............# ##
####.........##
#######..........#
#.#.##.#.........#
#...#.#..........#
.+...............##
...#...P..........#


You could see a catoblepas, a fire crab (petrified), a yak and a water moccasin.

Vanquished Creatures
  Josephine (Lair:4)
  A hydra (Lair:4)
  2 two-headed ogres
  Urug (Lair:1)
  2 skysharks
  6 elephants
  A cyclops (D:11)
  6 black mambas
  A gargoyle (D:10)
  Joseph (D:8)
  10 cane toads
  A kobold demonologist (D:8)
  4 rime drakes
  10 komodo dragons
  Psyche (D:8)
  2 trolls
  A hornet (Lair:2)
  Grinder (D:6)
  6 polar bears
  17 blink frogs
  Prince Ribbit (D:8)
  11 dream sheep
  Sigmund (D:6)
  4 wraiths
  50 yaks
  5 basilisks
  7 wyverns
  2 acid dragons
  26 water moccasins
  3 ice beasts
  4 orc warriors
  A sky beast (D:6)
  A black bear (Lair:1)
  An ogre (D:7)
  18 wolves
  3 phantoms
  3 kobold brigands
  12 scorpions
  2 gnoll sergeants
  10 bullfrogs
  10 wights
  22 killer bees
  A vampire bat (D:4)
  2 electric eels (Lair:1)
  2 howler monkeys
  2 iron imps
  5 jellies
  3 orc priests (D:7)
  6 hounds
  A gnoll bouda (D:8)
  2 sleepcaps
  8 iguanas
  Ijyb (D:4)
  6 hell rats (Lair:3)
  10 orc wizards
  Robin (D:2)
  11 gnolls
  7 adders
  2 ufetubi (D:7)
  2 dart slugs
  3 fire bats (D:4)
  A ribbon worm (D:2)
  34 orcs
  2 spectral bats (D:4)
  5 ball pythons
  3 bat skeletons (D:4)
  A bat zombie (D:4)
  3 endoplasms
  3 giant cockroaches
  10 goblins
  8 hobgoblins
  2 jackals (D:3)
  18 kobolds
  3 quokkas
  16 bats
  A bat simulacrum (D:4)
  4 frilled lizards
  3 rats
464 creatures vanquished.

Vanquished Creatures (collateral kills)
  A hydra (Lair:5)
  A blink frog (Lair:5)
  6 yaks
8 creatures vanquished.

Vanquished Creatures (others)
  A quokka (D:6)
1 creature vanquished.

Grand Total: 473 creatures vanquished

Notes
Turn   | Place    | Note
-------+----------+-------------------------------------------
     0 | D:1      | jestert79 the Draconian Warper began the quest for the Orb.
     0 | D:1      | Reached XP level 1. HP: 17/17 MP: 3/3
   173 | D:1      | Reached XP level 2. HP: 24/24 MP: 5/5
   666 | D:1      | Found a faded altar of an unknown god.
   816 | D:2      | Reached XP level 3. HP: 29/29 MP: 6/6
   819 | D:2      | Learned a level 2 spell: Lesser Beckoning
   904 | D:2      | Noticed Robin
   919 | D:2      | Killed Robin
  1225 | D:2      | Noticed Jessica
  1595 | D:2      | Reached XP level 4. HP: 36/36 MP: 7/7
  1875 | D:3      | Found a burning altar of Makhleb.
  2037 | D:3      | Reached skill level 5 in Unarmed Combat
  2108 | D:3      | Reached XP level 5. HP: 38/41 MP: 8/8
  2581 | D:4      | Found a staircase to the Ecumenical Temple.
  2590 | Temple   | Entered the Ecumenical Temple
  2606 | Temple   | Became a worshipper of Kikubaaqudgha
  2643 | D:4      | Reached XP level 6. HP: 41/48 MP: 9/9
  3024 | D:4      | Noticed Ijyb
  3054 | D:4      | Killed Ijyb
  3361 | D:4      | Your scales start taking on a golden yellow colour.
  3361 | D:4      | Reached XP level 7. HP: 55/55 MP: 10/10
  3361 | D:4      | Gained mutation: You are resistant to acid. (rCorr) [Yellow
                  | Draconian growth]
  3406 | D:4      | Reached * piety under Kikubaaqudgha
  3406 | D:4      | Received a gift from Kikubaaqudgha
  3910 | D:5      | Entered Level 5 of the Dungeon
  4124 | D:5      | Reached skill level 1 in Shapeshifting
  4222 | D:5      | Found an iron altar of Okawaru.
  4222 | D:5      | Found a shimmering blue altar of Sif Muna.
  4249 | D:5      | Reached XP level 8. HP: 36/61 MP: 11/11
  4612 | D:5      | Reached ** piety under Kikubaaqudgha
  4820 | D:5      | Reached skill level 10 in Unarmed Combat
  4862 | D:5      | Found the +11 Singing Sword {sonic wave}
  5143 | D:5      | Found a sacrificial altar of Ru.
  5157 | D:5      | Learned a level 2 spell: Blink
  5391 | D:6      | Found a white marble altar of Elyvilon.
  5545 | D:6      | Reached XP level 9. HP: 64/67 MP: 12/12
  5581 | D:6      | Found a sparkling altar of Nemelex Xobeh.
  5595 | D:6      | Noticed Sigmund
  5738 | D:6      | Killed Sigmund
  6040 | D:6      | Noticed Grinder
  6050 | D:6      | Paralysed by Grinder for 4 turns
  6056 | D:6      | Killed Grinder
  6142 | D:6      | Found a transporter.
  6370 | D:6      | Found a transporter.
  6370 | D:6      | Found Hothrigi's Distillery.
  6717 | D:7      | Reached skill level 5 in Shapeshifting
  6942 | D:7      | Found Wil Fing's Antique Armour Boutique.
  6956 | D:7      | Bought a pair of glowing gloves for 180 gold pieces
  7355 | D:7      | Reached *** piety under Kikubaaqudgha
  7355 | D:7      | Received a gift from Kikubaaqudgha
  7812 | D:8      | Noticed Prince Ribbit
  7819 | D:8      | Reached skill level 5 in Fighting
  7875 | D:7      | Reached XP level 10. HP: 66/79 MP: 13/13
  8358 | D:8      | Noticed Joseph
  8368 | D:8      | Killed Joseph
  8458 | D:8      | Found Fommot's Fabulous Fripperies.
  8799 | D:8      | Killed Prince Ribbit
  8806 | D:8      | Noticed Psyche
  8814 | D:8      | Killed Psyche
  9553 | D:8      | Found a bloodstained altar of Trog.
 10031 | D:9      | Identified a scroll of acquirement
 10031 | D:9      | Acquired a ring of see invisible
 10145 | D:9      | You fall into a shaft and drop 1 floor!
 10145 | D:10     | Entered Level 10 of the Dungeon
 10450 | D:9      | Reached **** piety under Kikubaaqudgha
 11466 | D:10     | Found a staircase to the Orcish Mines.
 11642 | D:10     | Reached skill level 10 in Shapeshifting
 11642 | D:10     | Reached XP level 11. HP: 87/89 MP: 14/14
 11682 | D:10     | Reached skill level 1 in Necromancy
 11710 | D:10     | Noticed a two-headed ogre
 11716 | D:10     | Killed a two-headed ogre
 11764 | D:10     | Found an ornate altar of the Wu Jian Council.
 11995 | D:10     | Reached skill level 5 in Dodging
 12201 | D:10     | Got Sif Muna's Tome of Metamorphic Zombies
 12243 | D:11     | Found a staircase to the Lair.
 13105 | D:11     | Identified the +5 broad axe of the Silent Majority {heavy,
                  | ^Fragile rF+ Dex+5}
 13107 | D:11     | Noticed a two-headed ogre
 13116 | D:11     | Killed a two-headed ogre
 13514 | Lair:1   | Entered Level 1 of the Lair of Beasts
 14069 | Lair:1   | Noticed Urug
 14092 | Lair:1   | Killed Urug
 14092 | Lair:1   | Reached ***** piety under Kikubaaqudgha
 14299 | Lair:1   | Reached XP level 12. HP: 101/101 MP: 18/18
 14307 | Lair:1   | Learned a level 6 spell: Death Channel
 14570 | Lair:1   | Reached skill level 5 in Necromancy
 14953 | Lair:2   | Reached skill level 5 in Spellcasting
 15085 | Lair:2   | Learned a level 3 spell: Fugue of the Fallen
 15525 | Lair:2   | Identified the +2 rapier of Tadelil {flame, rF+ MP+9 Dex+2}
 16616 | Lair:3   | Reached skill level 10 in Necromancy
 16752 | Lair:3   | Found a staircase to the Shoals.
 16838 | Lair:3   | Reached XP level 13. HP: 91/107 MP: 20/22
 17043 | Lair:3   | Found a staircase to the Snake Pit.
 17107 | Lair:3   | Learned a level 4 spell: Martyr's Knell
 18150 | Lair:4   | Found a staircase to the Slime Pits.
 18230 | Lair:4   | Reached ****** piety under Kikubaaqudgha
 18234 | Lair:4   | Received a gift from Kikubaaqudgha (forbidden knowledge)
 18387 | Lair:4   | Found a dark tunnel.
 18580 | Lair:4   | Noticed Josephine
 18600 | Lair:4   | Killed Josephine
 18859 | Lair:5   | Entered Level 5 of the Lair of Beasts
 19540 | Lair:5   | Learned a level 4 spell: Manifold Assault
 19762 | Lair:5   | Reached skill level 5 in Translocations
 20140 | Lair:5   | HP: 2/108 [catoblepas (6)]
 20141 | Lair:5   | Mangled by a catoblepas

Illustrated notes

Levels and vault maps discovered:
D:1:      elethiomel_arrival_shortcut, layout_basic,
          dreamdust_ecumenical_altar_angels_and_demons
D:2:      layout_loops_corners, uniq_robin, uniq_jessica
D:3:      layout_basic, demons_altar, serial_forest, infiniplex_forest_end_3,
          infiniplex_forest_lined_ring, infiniplex_forest_lined_room_3,
          infiniplex_forest_straight_4, infiniplex_forest_lined_1,
          infiniplex_forest_lined_ring
D:4:      layout_loops_ring, minmay_temple_entry_sparse_star, serial_bayou,
          serial_bayou_lagoon_b, serial_bayou_shore_a, serial_bayou_shore_b,
          serial_bayou_crossing, serial_bayou_pond_b, goddamned_bats, uniq_ijyb
D:5:      old_forge, layout_loops_cross, pf_just_have_faith,
          jmf_multi_god_temple
D:6:      layout_basic, nemelex_xobeh_ov_fountains_minmay, elyvilon_altar_4,
          serial_shops, nicolae_shop_drivethru, uniq_grinder, uniq_sigmund
D:7:      layout_cave_pods, serial_shops, shop, kennysheep_potato
D:8:      layout_basic, trog_butcher_becter, nicolae_alphabet_shops,
          minmay_misc_feat_more_columns, uniq_joseph, uniq_prince_ribbit1,
          uniq_psyche
D:9:      layout_loops_corners
D:10:     layout_basic, lemuel_coloured_pillars_altar, orc_0_dummy,
          hangedman_decor_push
D:11:     layout_basic, david_lair_generic
Temple:   jpeg_temple_clearing
Lair:1:   layout_gridlike, chequers_serial_rivers_small_3,
          grunt_forest_small_clearing_treed, grunt_megastairs_4,
          lemuel_fruit_fields, uniq_urug
Lair:2:   layout_small_grid, grunt_megastairs_5
Lair:3:   layout_loops_ring, elwin_shoals_entry_rocks,
          minmay_snake_entry_six_corridors
Lair:4:   layout_regular_city, nicolae_slime_entry_field_trip,
          nicolae_volcano_entry_hallway, chequers_serial_rivers_micro_a,
          chequers_serial_rivers_micro_b, uniq_josephine
Lair:5:   evilmike_catoblepas_cave, layout_regular_city, st_stairs_9,
          infiniplex_staircase_pool_2, grunt_megastairs_2

Skill      XL: |  1  2  3  4  5  6  7  8  9 10 11 12 13 |
---------------+----------------------------------------+-----
Unarmed Combat | 3 4 5 6 7 9 10 11 12 | 12.4
Shapeshifting  | 1 4 6 10 11 | 11.0
Fighting       | 5 6 7 8 |  8.5
Dodging        | 4 5 6 |  6.5
Necromancy     | 3 10 12 | 12.0
Spellcasting   | 4 6 7 |  7.0
Translocations | 6 |  6.2
Throwing       | |  0.8

Action                     |  1- 3 |  4- 6 |  7- 9 | 10-12 | 13-15 || total
---------------------------+-------+-------+-------+-------+-------++-------
  Melee: Unarmed           |   121 |   126 |   322 |   590 |   348 ||  1507
         Tailslap          |    11 |    17 |    28 |   111 |    79 ||   246
         Punch             |     4 |     3 |    12 |    48 |    28 ||    95
         Maw               |       |       |       |   157 |   118 ||   275
  Throw: Dart              |       |       |       |    51 |       ||    51
         Boomerang         |       |       |       |     6 |       ||     6
   Cast: Lesser Beckoning  |       |       |     3 |     6 |     9 ||    18
         Fugue of the Fall |       |       |       |     1 |     2 ||     3
         Death Channel     |       |       |       |       |     5 ||     5
         Manifold Assault  |       |       |       |       |     3 ||     3
         Martyr's Knell    |       |       |       |       |     1 ||     1
 Invoke: Receive Forbidden |       |       |       |       |     1 ||     1
Ability: Breathe Acid      |       |       |    10 |    20 |     4 ||    34
  Evoke: Wand              |       |       |     1 |    15 |       ||    16
    Use: Scroll            |       |       |    11 |    10 |     6 ||    27
         Potion            |       |       |       |     1 |       ||     1
   Stab: Sleeping          |     1 |       |     1 |       |       ||     2
         Distracted        |       |       |       |       |     1 ||     1
 Armour: Skin              |    50 |    63 |   196 |   390 |   291 ||   990
  Dodge: Dodged            |    65 |    69 |   174 |   316 |   193 ||   817
   Form: Maw               |       |       |       |     1 |       ||     1

Table legend: (Time is in decaauts)
 A = Elapsed time spent in this place.
 B = Non-inter-level travel time spent in this place.
 C = Inter-level travel time spent in this place.
 D = Time resting spent in this place.
 E = Time spent auto-exploring this place.
 F = Levels seen in this place.
 G = Mean time per level.
                   A        B        C        D        E       F      G
               +--------+--------+--------+--------+--------+-----+--------+
         Total |  19955 |  18697 |   1258 |   3566 |   9228 |  17 | 1173.8 |
       Dungeon |  13394 |  12575 |    819 |   2521 |   6908 |  11 | 1217.6 |
        Temple |     32 |      2 |     30 |      0 |      0 |   1 |   32.0 |
          Lair |   6528 |   6120 |    408 |   1045 |   2319 |   5 | 1305.6 |
               +--------+--------+--------+--------+--------+-----+--------+

Top non-repeatable levels by time:
     D:8: 1860 daAuts
  Lair:2: 1665 daAuts
  Lair:4: 1601 daAuts
     D:4: 1399 daAuts
     D:7: 1393 daAuts
     D:5: 1389 daAuts
     D:6: 1316 daAuts
  Lair:1: 1273 daAuts
     D:9: 1261 daAuts
  Lair:3: 1260 daAuts
    D:10: 1184 daAuts
    D:11: 1090 daAuts
     D:2: 929 daAuts
     D:3: 809 daAuts
     D:1: 761 daAuts
